 Dungeon Crawl Stone Soup version 0.27-a0-760-gc38aae387d (webtiles) character file.

Game seed: 14622582903663297538

3171 wakim the Martial Artist (level 9, -8/59 HPs)
             Began as a Merfolk Transmuter on Mar 25, 2021.
             Was an Initiate of Gozag.
             Mangled by a gnoll
             ... wielding a +0 halberd
              (13 damage)
             ... on level 7 of the Dungeon.
             The game lasted 00:26:02 (10377 turns).

wakim the Martial Artist (Merfolk Transmuter)      Turns: 10377, Time: 00:26:03

Health: -8/59      AC:  5    Str: 10    XL:     9   Next: 94%
Magic:  10/13      EV: 15    Int: 21    God:    Gozag
Gold:   966        SH:  0    Dex: 15    Spells: 2/14 levels left

rFire    . . .     SeeInvis .     - Unarmed
rCold    . . .     Faith    .   (shield currently unavailable)
rNeg     . . .     Spirit   .   a - +0 robe
rPois    .         Reflect  .   d - +0 helmet
rElec    .         Harm     .   u - +1 cloak
rCorr    .         Rampage  .   (gloves currently unavailable)
Will     .....                  (no boots)
Stlth    ++........             (no amulet)
HPRegen  0.19/turn              g - +6 ring of intelligence
MPRegen  0.13/turn              m - ring of wizardry

@: blade hands (expiring), wereblooded (expiring), gold aura
A: (nimble swimmer 2), mertail
a: End Transformation, Renounce Religion, Potion Petition, Call Merchant, Bribe
Branch


You were on level 7 of the Dungeon.
You worshipped Gozag.
Gozag was pleased with you.
You had blades for hands.
You visited 1 branch of the dungeon, and saw 7 of its levels.

You collected 999 gold pieces.
You paid 33 gold pieces to Gozag.

Inventory:

Hand Weapons
 b - a +1 hunting sling
 p - a +0 morningstar of protection
Missiles
 c - 5 javelins
 e - 18 poisoned darts
 h - 8 atropa-tipped darts
 k - 75 sling bullets
Armour
 a - a +0 robe (worn)
 d - a +0 helmet (worn)
 u - a +1 cloak (worn)
Jewellery
 g - a +6 ring of intelligence (right blade hand)
 i - a ring of resist corrosion
 m - a ring of wizardry (left blade hand)
 t - a ring of see invisible
 z - a ring of poison resistance
Wands
 r - a wand of random effects (17)
 y - a wand of mindburst (11)
Scrolls
 f - 2 scrolls of amnesia
 w - a scroll of enchant armour
 x - 2 scrolls of enchant weapon
 E - a scroll of fear
 Y - 5 scrolls of teleportation {@r3}
Potions
 j - 2 potions of attraction {unknown}
 l - 2 potions of curing {unknown}
 n - a potion of ambrosia {unknown}
 o - a potion of resistance {unknown}
 q - a potion of haste {unknown}
 s - a potion of mutation {unknown}
 v - a potion of flight {unknown}
 C - a potion of cancellation
 M - 3 potions of might
 Q - a potion of magic


   Skills:
 - Level 1.1 Fighting
 - Level 3.0 Slings
 + Level 7.5 Dodging
 - Level 3.6 Stealth
 * Level 10.3 Unarmed Combat
 - Level 3.0 Spellcasting
 - Level 8.0 Transmutations
 - Level 3.0 Ice Magic


You had 2 spell levels left.
You knew the following spells:

 Your Spells              Type           Power      Damage    Failure   Level
a - Beastly Appendage     Tmut           72%        N/A       4%          1
b - Ice Form              Ice/Tmut       26%        N/A       26%         4
c - Blade Hands           Tmut           18%        N/A       26%         5
w - Wereblood             Tmut           36%        N/A       5%          2

Your spell library contained the following spells:

 Spells                   Type           Power      Damage    Failure   Level
 Magic Dart               Conj           12%        1d3       24%         1
 Blink                    Tloc           N/A        N/A       32%         2
 Call Imp                 Summ           3%         N/A       32%         2
 Slow                     Hex            3%         N/A       32%         2
 Spider Form              Tmut/Pois      9%         N/A       17%         3
 Petrify                  Tmut/Erth      19%        N/A       36%         4
 Confusing Touch          Hex            3%         N/A       45%         3
 Conjure Flame            Conj/Fire      3%         6-21      45%         3
 Gell's Gravitas          Tloc           1%         N/A       45%         3
 Mephitic Cloud           Conj/Pois/Air  3%         N/A       45%         3
 Yara's Violent Unravell  Hex/Tmut       9%         3d6       58%         5
 Metabolic Englaciation   Hex/Ice        4%         N/A       86%         5
 Chain Lightning          Conj/Air       1%         N/A       100%        8
 Lehudib's Crystal Spear  Conj/Erth      1%         10d2      100%        8
 Absolute Zero            Ice            7%         ∞         100%        9
 Fire Storm               Conj/Fire      1%         8d1       100%        9


Dungeon Overview and Level Annotations

Branches:
Dungeon (7/15)             Temple (0/1) D:7

Altars:
Fedhas
Gozag
Kikubaaqudgha
Vehumet

Shops:
D:2 *

Annotations:
D:3 1 transporter, tilp's ghost, amateur OpTm


Innate Abilities, Weirdness & Mutations

You have blades for hands.
Your spellcasting is less reliable in this form.
You are incapable of wielding weapons or throwing items.
((You are quick and stealthy while swimming. (Stealth+, EV+, Speed+++)))
Your lower body shifts to a powerful aquatic tail in water.


Message History

The gnoll hits you from afar with a +0 halberd!
The ice beast becomes distracted by your gold, dreaming of imaginary riches.
You howl as the wereblood boils in your veins!
You howl as the wereblood boils in your veins!
The gnoll hits you from afar with a +0 halberd!
The gnoll hits you from afar with a +0 halberd!
* * * LOW HITPOINT WARNING * * *
You slice the ice beast!!
You kill the ice beast!
You slash the gnoll! You slash the gnoll.
You kill the gnoll!
You hit the gnoll shaman.
The gnoll shaman is moderately wounded.
The gnoll becomes distracted by the nearby gold, dreaming of imaginary riches.
The gnoll shouts!
You slice the gnoll shaman!!
You kill the gnoll shaman!
Your primal bloodlust is almost over.
Your transformation is almost over.
The gnoll hits you from afar with a +0 halberd.
* * * LOW HITPOINT WARNING * * *
Items here: $ )) [.
You slash the gnoll!
You kill the gnoll!
You howl as the wereblood boils in your veins!
The gnoll becomes distracted by the nearby gold, dreaming of imaginary riches. 8 gold pieces; a +0 flail The gnoll shouts!
You hit the gnoll.
The gnoll is no longer distracted by gold.
The gnoll is moderately wounded.
The gnoll hits you with a +0 halberd!
* * * LOW HITPOINT WARNING * * *
You completely miss the gnoll.
The gnoll is moderately wounded.
You completely miss the gnoll.
The gnoll is moderately wounded.
The gnoll hits you with a +0 halberd!
You die...
Your body crumbles into a pile of gold.

.# ..# ###.... #..
.# #..# #.#..# .. >
.# #.. #.#..#.##..
.# #.##
#.g.......##
.#####..#
#.g.##.#.... #
..<...#.#### ###
#......#..##..
.......#..(# #.#
##.).##.......
........##.#
#.###........##.#
........## #
##$@gg.#..##....#..
.........# .
#####.#...........
........##..
#....#.#######
........#...
#..##.##..##
............ ##.
#..##..###
........#.... .
...###...#
......####...
##...####.##
###....####.. ##..#
#..# ####....#####
#..# ##.##


You could see 2 gnolls.

Vanquished Creatures
  5 yaks (D:6)
  A sky beast (D:6)
  2 ice beasts
  A hornet zombie (D:7)
  2 necrophages
  2 centaurs
  3 phantoms
  5 bullfrogs
  A wyvern zombie (D:4)
  2 water moccasin skeletons
  2 vampire bats (D:4)
  A howler monkey (D:6)
  A centaur zombie (D:7)
  A jelly (D:5)
  4 bullfrog skeletons
  3 orc priests
  2 gnoll shamans
  4 iguanas
  4 worker ants
  3 orc wizards (D:5)
  A statue (D:5)
  A howler monkey zombie (D:5)
  2 howler monkey skeletons
  15 gnolls
  8 adders
  A shadow imp (D:6)
  An adder zombie (D:2)
  2 worms
  3 dart slugs
  7 orcs
  A ball python (D:1)
  3 bats
  2 bat skeletons (D:4)
  4 bat zombies (D:4)
  3 endoplasms
  A giant cockroach (D:2)
  3 goblins
  4 hobgoblins
  A jackal (D:2)
  3 quokkas (D:2)
  4 frilled lizards
  3 kobolds
  6 rats
128 creatures vanquished.

Vanquished Creatures (others)
  A fungus (D:4)
1 creature vanquished.

Grand Total: 129 creatures vanquished

Notes
Turn   | Place    | Note
-------+----------+-------------------------------------------
     0 | D:1      | wakim the Merfolk Transmuter began the quest for the Orb.
     0 | D:1      | Reached XP level 1. HP: 15/15 MP: 3/3
   469 | D:1      | Reached skill level 1 in Stealth
   568 | D:1      | Reached XP level 2. HP: 19/21 MP: 3/5
  1285 | D:2      | Reached XP level 3. HP: 26/26 MP: 6/6
  1557 | D:2      | Reached skill level 4 in Unarmed Combat
  1595 | D:2      | Found Kiuhoudgh's Assorted Antiques.
  2140 | D:2      | Reached XP level 4. HP: 32/32 MP: 7/7
  2320 | D:3      | Found a transporter.
  2371 | D:3      | Noticed an ogre
  2372 | D:3      | Noticed tilp's ghost (amateur OpTm)
  2374 | D:3      | Noticed an ogre
  3414 | D:3      | Reached XP level 5. HP: 19/37 MP: 8/8
  3872 | D:3      | Found an opulent altar of Gozag.
  3881 | D:3      | Became a worshipper of Gozag Ym Sagoz the Greedy
  4178 | D:4      | Found a blossoming altar of Fedhas.
  4229 | D:4      | Reached skill level 1 in Slings
  4711 | D:3      | Learned a level 4 spell: Ice Form
  4721 | D:4      | Reached skill level 5 in Unarmed Combat
  4721 | D:4      | Reached XP level 6. HP: 43/43 MP: 0/9
  5180 | D:4      | Reached skill level 1 in Ice Magic
  5770 | D:4      | Found an ancient bone altar of Kikubaaqudgha.
  5787 | D:4      | Reached XP level 7. HP: 41/48 MP: 10/10
  6005 | D:4      | Reached skill level 5 in Transmutations
  6355 | D:5      | Entered Level 5 of the Dungeon
  6545 | D:5      | Reached skill level 6 in Unarmed Combat
  7006 | D:5      | Reached XP level 8. HP: 54/54 MP: 7/12
  7543 | D:5      | Found a radiant altar of Vehumet.
  7638 | D:5      | Reached skill level 7 in Unarmed Combat
  8130 | D:5      | Learned a level 5 spell: Blade Hands
  8825 | D:6      | Reached XP level 9. HP: 59/59 MP: 9/13
  8872 | D:6      | Reached skill level 8 in Unarmed Combat
  9100 | D:6      | Reached skill level 5 in Dodging
  9571 | D:6      | Reached skill level 9 in Unarmed Combat
  9750 | D:6      | Learned a level 2 spell: Wereblood
 10214 | D:7      | Reached skill level 10 in Unarmed Combat
 10344 | D:7      | Found a staircase to the Ecumenical Temple.
 10377 | D:7      | Mangled by a gnoll

Illustrated notes

Levels and vault maps discovered:
D:1:      amcnicky_arrival_flooded_fountain, layout_basic
D:2:      minmay_general_purpose_star, layout_basic, serial_shops, shop
D:3:      layout_basic, lemuel_coloured_pillars_altar, gammafunk_ghost_smash
D:4:      layout_basic, kennysheep_vampire_church, supply_closet_lemuel,
          fedhas_altar_3
D:5:      layout_loops_ring, vehumet_statue
D:6:      layout_layer_cave, kennysheep_boxes
D:7:      layout_rooms, lemuel_round_altar, minmay_temple_entry_ruins,
          uniq_crazy_yiuf_cottage

Skill      XL: |  1  2  3  4  5  6  7  8  9 |
---------------+----------------------------+-----
Stealth        | 1 2 3 |  3.6
Dodging        | 3 4 7 |  7.5
Unarmed Combat | 4 5 6 7 10 | 10.3
Slings         | 1 2 3 |  3.0
Transmutations | 3 4 5 7 8 |  8.0
Ice Magic      | 1 2 3 |  3.0
Spellcasting   | 3 |  3.0
Fighting       | |  1.1

Action                   |  1- 3 |  4- 6 |  7- 9 || total
-------------------------+-------+-------+-------++-------
Melee: Unarmed           |    81 |   128 |   221 ||   430
       Punch             |     2 |     1 |     9 ||    12
 Fire: Hunting sling     |    34 |    98 |    12 ||   144
Throw: Dart              |     7 |       |       ||     7
 Cast: Beastly Appendage |     1 |       |       ||     1
       Ice Form          |       |     5 |    22 ||    27
       Blade Hands       |       |       |     6 ||     6
       Wereblood         |       |       |     4 ||     4
  Use: Scroll            |     5 |     1 |     9 ||    15
 Stab: Sleeping          |       |     2 |     2 ||     4
Armor: Robe              |    22 |    32 |    14 ||    68
       Skin              |       |       |    37 ||    37
Dodge: Dodged            |    65 |   125 |    97 ||   287

Table legend: (Time is in decaauts)
 A = Elapsed time spent in this place.
 B = Non-inter-level travel time spent in this place.
 C = Inter-level travel time spent in this place.
 D = Time resting spent in this place.
 E = Time spent auto-exploring this place.
 F = Levels seen in this place.
 G = Mean time per level.
                   A        B        C        D        E       F      G
               +--------+--------+--------+--------+--------+-----+--------+
         Total |  10325 |   9960 |    365 |    119 |   8285 |   7 | 1475.0 |
       Dungeon |  10325 |   9960 |    365 |    119 |   8285 |   7 | 1475.0 |
               +--------+--------+--------+--------+--------+-----+--------+

Top non-repeatable levels by time:
     D:4: 2321 daAuts
     D:6: 1852 daAuts
     D:5: 1765 daAuts
     D:3: 1518 daAuts
     D:2: 1301 daAuts
     D:1: 1193 daAuts
     D:7: 373 daAuts
